 Dungeon Crawl Stone Soup version 0.29-a0-284-gf9362112df (webtiles) character file.

Game seed: 17057031295519192163

812 siradein the Covert (level 7, -1/56 HPs)
             Began as a Gnoll Brigand on Mar 15, 2022.
             Slain by a black bear (2 damage)
             ... on level 5 of the Dungeon.
             The game lasted 00:26:25 (5422 turns).

siradein the Covert (Gnoll Brigand)                 Turns: 5422, Time: 00:26:27

Health: -1/56      AC: 10    Str: 13    XL:     7   Next: 93%
Magic:  11/11      EV: 12    Int: 13    God:
Gold:   367        SH:  9    Dex: 16    Spells: 11/11 levels left

rFire   . . .      SeeInvis .   c - +6 mace of Dung {vamp, rC- Str+3 Int+3}
rCold   x . .      Faith    .   B - +0 kite shield
rNeg    . . .      Spirit   .   A - +0 scale mail
rPois   .          Reflect  .   y - +0 helmet
rElec   .          Harm     .   b - +1 cloak
rCorr   +          Rampage  .   (no gloves)
Will    .....                   (no boots)
Stlth   +++.......              (no amulet)
HPRegen 0.18/turn               m - +4 ring of evasion
MPRegen 0.12/turn               o - ring of resist corrosion

@: no status effects
A: fangs 1, strong nose, distributed training
a: no special abilities


You were on level 5 of the Dungeon.
You visited 1 branch of the dungeon, and saw 5 of its levels.
You also visited: Ossuary.

You collected 367 gold pieces.

Inventory:

Hand Weapons
 c - the +6 mace of Dung (weapon) {vamp, rC- Str+3 Int+3}
   (You found it on level 3 of the Dungeon)

   It occasionally heals its wielder for a portion of the damage dealt when it
   wounds a living foe.
   Str:       It affects your strength (+3).
   Int:       It affects your intelligence (+3).
   rC:        It makes you vulnerable to cold.
 i - the +8 mace "Hell-Harrower" {antimagic, rElec rCorr Str+10 Dex-3}
   (You found it on level 3 of the Dungeon)

   It reduces the magical energy of the wielder, and disrupts the spells and
   magical abilities of those it strikes.
   Natural abilities and divine invocations are not affected.
   Str:       It affects your strength (+10).
   Dex:       It affects your dexterity (-3).
   rElec:     It insulates you from electricity.
   rCorr:     It protects you from acid and corrosion.
 q - a +0 trident
 s - the +5 dagger "Orb Guardian's Peril" {holy, Str+4}
   (You found it on level 2 of the Dungeon)

   It has been blessed by the Shining One to cause great damage to the undead
   and demons.
   Str:       It affects your strength (+4).
 w - a +5 flail
 C - a +2 dagger of venom
Missiles
 d - 11 poisoned darts
 e - 3 curare-tipped darts
 r - 104 stones (quivered)
Armour
 b - a +1 cloak (worn)
 y - a +0 helmet (worn)
 A - a +0 scale mail (worn)
 B - a +0 kite shield (worn)
Magical Staves
 k - a staff of death
Jewellery
 m - a +4 ring of evasion (left hand)
 o - a ring of resist corrosion (right hand)
Wands
 p - a wand of acid (1)
Scrolls
 g - a scroll of blinking {unknown}
 h - 2 scrolls of enchant weapon
 l - a scroll of torment {unknown}
 n - 2 scrolls of teleportation
 u - 3 scrolls of amnesia {unknown}
 x - 2 scrolls of fear {unknown}
 F - a scroll of fog {unknown}
Potions
 a - 3 potions of haste
 f - 2 potions of flight {unknown}
 j - 3 potions of curing
 t - 2 potions of brilliance
 v - 2 potions of ambrosia {unknown}
 z - a potion of attraction {unknown}
 D - a potion of degeneration {unknown}
 E - a potion of lignification {unknown}


   Skills:
 + Level 5.4 Fighting
 + Level 5.4 Short Blades
 + Level 2.8 Long Blades
 + Level 2.8 Axes
 + Level 2.8 Maces & Flails
 + Level 2.8 Polearms
 + Level 2.8 Staves
 + Level 2.8 Slings
 + Level 2.8 Bows
 + Level 2.8 Crossbows
 + Level 5.4 Throwing
 + Level 2.8 Armour
 + Level 3.8 Dodging
 + Level 8.3 Stealth
 + Level 2.8 Shields
 + Level 2.8 Unarmed Combat
 + Level 2.8 Spellcasting
 + Level 2.2 Conjurations
 + Level 2.2 Hexes
 + Level 2.2 Summonings
 + Level 2.2 Necromancy
 + Level 2.2 Translocations
 + Level 2.2 Transmutations
 + Level 2.2 Fire Magic
 + Level 2.2 Ice Magic
 + Level 2.2 Air Magic
 + Level 2.2 Earth Magic
 + Level 2.2 Poison Magic
 + Level 3.1 Invocations
 + Level 2.8 Evocations


You had 11 spell levels left.
You didn't know any spells.
Your spell library contained the following spells:

 Spells                   Type           Power      Damage    Failure   Level
 Portal Projectile        Hex/Tloc       14%        N/A       99%         3
 Blade Hands              Tmut           3%         N/A       100%        5
 Excruciating Wounds      Necr           3%         N/A       100%        5


Dungeon Overview and Level Annotations

Branches:
Dungeon (5/15)            Ossuary (visited)
 Temple: D:4-7

Altars:
Gozag
The Shining One

Shops:
D:1 :   D:3 =


Innate Abilities, Weirdness & Mutations

You have very sharp teeth.
Your uncanny sense of smell can sniff out nearby items.
Your experience applies equally to all skills.


Message History

You block the black bear's attack.
You barely miss the black bear.
The black bear is severely wounded.
The black bear closely misses you. You block the black bear's attack. x2
The black bear barely misses you. The black bear claws you. x2
You barely miss the black bear.
The black bear is severely wounded.
The black bear bites you. The black bear closely misses you.
The black bear claws you. You block the black bear's attack.
The black bear claws you but does no damage.
The black bear barely misses you.
You hit the black bear.
You feel better.
You bite the black bear.
The black bear is almost dead.
You block the black bear's attack.
The black bear claws you but does no damage.
The black bear misses you. The black bear barely misses you.
The black bear claws you.
* * * LOW HITPOINT WARNING * * *
The black bear completely misses you.
You closely miss the black bear. You bite the black bear.
The black bear is almost dead.
You block the black bear's attack. The black bear barely misses you.
The black bear claws you but does no damage.
The black bear bites you but does no damage.
The black bear claws you but does no damage.
The black bear claws you.
* * * LOW HITPOINT WARNING * * *
You closely miss the black bear.
The black bear is almost dead.
The black bear bites you but does no damage.
You block the black bear's attack. x2; The black bear completely misses you.
The black bear misses you. The black bear barely misses you.
You hit the black bear.
The black bear is almost dead.
You block the black bear's attack. x2; The black bear claws you.
* * * LOW HITPOINT WARNING * * *
The black bear bites you!
* * * LOW HITPOINT WARNING * * *
The black bear claws you.
You die...

∆ #.#.#..##..#
#...#.##..#
.####.#.###...
........##..#
........#...# #
######......####.#
####..<........#
.............##
#########@h..#
#.#..# #.......
#..#.###. ...# #
#..# #..# #...∆


You could see a black bear (berserk).

Vanquished Creatures
  The ghost of PaleWalker the Caller, an amateur FeSu (D:4)
  A scorpion (D:4)
  A gnoll sergeant (D:4)
  2 centaur zombies (Ossuary)
  2 human zombies (Ossuary)
  Crazy Yiuf (D:3)
  A hound (D:4)
  An orc priest (D:3)
  2 iguanas
  Jessica (D:3)
  An orc wizard (D:4)
  3 hound zombies (Ossuary)
  4 mummies
  Robin (D:3)
  2 adders
  5 gnolls
  An ufetubus (D:3)
  4 adder zombies (Ossuary)
  A worm (D:4)
  4 dart slugs
  3 orcs
  4 bats
  3 endoplasms
  A giant cockroach (D:2)
  10 goblins
  10 hobgoblins
  4 kobolds
  3 quokkas
  5 ball pythons
  2 frilled lizards (D:2)
  3 gnoll zombies (Ossuary)
  2 goblin zombies (Ossuary)
  4 hobgoblin zombies (Ossuary)
  5 jackal zombies (Ossuary)
  4 kobold zombies (Ossuary)
  2 quokka zombies (Ossuary)
  A rat (D:2)
  3 rat zombies (Ossuary)
108 creatures vanquished.

Vanquished Creatures (others)
  13 fungi (D:5)
13 creatures vanquished.

Grand Total: 121 creatures vanquished

Notes
Turn   | Place    | Note
-------+----------+-------------------------------------------
     0 | D:1      | siradein the Gnoll Brigand began the quest for the Orb.
     0 | D:1      | Reached XP level 1. HP: 20/20 MP: 1/1
    74 | D:1      | Found a faded altar of an unknown god.
    97 | D:1      | Reached XP level 2. HP: 26/26 MP: 2/2
   217 | D:1      | Found Kosat's Book Shop.
   961 | D:2      | Reached XP level 3. HP: 31/31 MP: 3/3
  1192 | D:2      | Identified the +5 dagger "Orb Guardian's Peril" {holy,
                  | Str+4}
  1204 | D:2      | Reached skill level 1 in Invocations
  1553 | D:3      | Reached skill level 1 in Long Blades
  1553 | D:3      | Reached skill level 1 in Axes
  1553 | D:3      | Reached skill level 1 in Maces & Flails
  1553 | D:3      | Reached skill level 1 in Polearms
  1553 | D:3      | Reached skill level 1 in Staves
  1553 | D:3      | Reached skill level 1 in Slings
  1553 | D:3      | Reached skill level 1 in Bows
  1553 | D:3      | Reached skill level 1 in Crossbows
  1553 | D:3      | Reached skill level 1 in Armour
  1553 | D:3      | Reached skill level 1 in Shields
  1553 | D:3      | Reached skill level 1 in Unarmed Combat
  1553 | D:3      | Reached skill level 1 in Spellcasting
  1553 | D:3      | Reached skill level 1 in Evocations
  1600 | D:3      | Reached XP level 4. HP: 38/38 MP: 5/5
  1749 | D:3      | Noticed Robin
  1751 | D:3      | Reached skill level 1 in Conjurations
  1751 | D:3      | Reached skill level 1 in Hexes
  1751 | D:3      | Reached skill level 1 in Summonings
  1751 | D:3      | Reached skill level 1 in Necromancy
  1751 | D:3      | Reached skill level 1 in Translocations
  1751 | D:3      | Reached skill level 1 in Transmutations
  1751 | D:3      | Reached skill level 1 in Fire Magic
  1751 | D:3      | Reached skill level 1 in Ice Magic
  1751 | D:3      | Reached skill level 1 in Air Magic
  1751 | D:3      | Reached skill level 1 in Earth Magic
  1751 | D:3      | Reached skill level 1 in Poison Magic
  1765 | D:3      | Killed Robin
  2114 | D:3      | Reached XP level 5. HP: 43/43 MP: 6/6
  2192 | D:3      | Found a runed translucent door.
  2193 | D:3      | Noticed Crazy Yiuf
  2223 | D:3      | Found Fequ's One-of-a-Kind Rings.
  2343 | D:3      | Noticed Jessica
  2351 | D:3      | Killed Jessica
  3025 | D:4      | HP: 2/43 [gnoll sergeant/+0 trident (7)]
  3405 | D:4      | Reached skill level 8 in Stealth
  3405 | D:4      | Reached XP level 6. HP: 42/50 MP: 8/8
  4034 | D:4      | Reached skill level 5 in Fighting
  4034 | D:4      | Reached skill level 5 in Short Blades
  4034 | D:4      | Reached skill level 5 in Throwing
  4222 | D:4      | Found a glowing golden altar of the Shining One.
  4284 | D:4      | Found a runed translucent gate.
  4286 | D:4      | Found a runed translucent gate.
  4287 | D:4      | Found a runed translucent gate.
  4288 | D:4      | Found an opulent altar of Gozag.
  4291 | D:4      | Noticed PaleWalker's ghost (amateur FeSu)
  4369 | D:4      | Reached XP level 7. HP: 36/56 MP: 10/10
  4677 | D:4      | Killed PaleWalker's ghost
  4720 | D:5      | Entered Level 5 of the Dungeon
  4728 | D:5      | Found a sand-covered staircase.
  4741 | Ossuary  | Entered an ossuary
  5303 | D:3      | Killed Crazy Yiuf
  5324 | D:3      | Identified the +6 mace of Dung {vamp, rC- Str+3 Int+3}
  5325 | D:3      | Identified the +8 mace "Hell-Harrower" {antimagic, rElec
                  | rCorr Str+10 Dex-3}
  5422 | D:5      | HP: 1/56 [black bear (7)]
  5422 | D:5      | Slain by a black bear

Illustrated notes

Levels and vault maps discovered:
D:1:      dpeg_arrival_pits, layout_rooms, ebering_ecumenical_altar_hall,
          serial_shops, nicolae_shop_crystal
D:2:      layout_basic, nicolae_figureground_pulse
D:3:      layout_basic, nicolae_shop_unique_rings,
          chequers_serial_rivers_micro_c, grunt_decor_fettered,
          corexii_hall_statues_i, roderic_serpentine_path, uniq_robin,
          uniq_jessica, uniq_crazy_yiuf_cottage
D:4:      layout_rooms, lemuel_doored_altar, ebering_ghost_gozag
D:5:      layout_loops_ring, marbit_many_paths, gup_ossuary_entry_pyramid,
          serial_aquarium, aquarium_bridge_square [aquarium_subvault_window,
          aquarium_subvault_wall, aquarium_subvault_balcony,
          aquarium_subvault_bridge], aquarium_bridge_long_separate
          [aquarium_subvault_bridge, aquarium_subvault_bridge,
          aquarium_subvault_window, aquarium_subvault_bridge,
          aquarium_subvault_wall, aquarium_subvault_window], aquarium_window_2,
          aquarium_window_1, aquarium_view_4, aquarium_view_2d,
          minmay_crossroads

Skill      XL: |  1  2  3  4  5  6  7 |
---------------+----------------------+-----
Invocations    | 1 2 3 |  3.1
Long Blades    | 1 2 |  2.8
Axes           | 1 2 |  2.8
Maces & Flails | 1 2 |  2.8
Polearms       | 1 2 |  2.8
Staves         | 1 2 |  2.8
Slings         | 1 2 |  2.8
Bows           | 1 2 |  2.8
Crossbows      | 1 2 |  2.8
Armour         | 1 2 |  2.8
Shields        | 1 2 |  2.8
Unarmed Combat | 1 2 |  2.8
Spellcasting   | 1 2 |  2.8
Evocations     | 1 2 |  2.8
Conjurations   | 1 2 |  2.2
Hexes          | 1 2 |  2.2
Summonings     | 1 2 |  2.2
Necromancy     | 1 2 |  2.2
Translocations | 1 2 |  2.2
Transmutations | 1 2 |  2.2
Fire Magic     | 1 2 |  2.2
Ice Magic      | 1 2 |  2.2
Air Magic      | 1 2 |  2.2
Earth Magic    | 1 2 |  2.2
Poison Magic   | 1 2 |  2.2
Dodging        | 3 |  3.8
Stealth        | 8 |  8.3
Fighting       | 5 |  5.4
Short Blades   | 5 |  5.4
Throwing       | 5 |  5.4

Action                   |  1- 3 |  4- 6 |  7- 9 || total
-------------------------+-------+-------+-------++-------
Melee: Dagger            |    27 |    31 |   156 ||   214
       Trident           |    46 |    37 |       ||    83
       Falchion          |     4 |       |       ||     4
       Bite              |     5 |     9 |    24 ||    38
       Flail             |       |    43 |       ||    43
       Punch             |       |     3 |       ||     3
       Mace              |       |       |    11 ||    11
Throw: Dart              |     4 |    10 |       ||    14
       Stone             |     3 |     9 |       ||    12
  Use: Scroll            |       |     1 |     5 ||     6
 Stab: Sleeping          |    14 |     3 |     3 ||    20
Armor: Robe              |     4 |       |       ||     4
       Ring mail         |    13 |    23 |       ||    36
       Scale mail        |       |     8 |    47 ||    55
Dodge: Dodged            |    37 |    70 |    71 ||   178
Block: Kite shield       |       |    11 |    62 ||    73

Table legend: (Time is in decaauts)
 A = Elapsed time spent in this place.
 B = Non-inter-level travel time spent in this place.
 C = Inter-level travel time spent in this place.
 D = Time resting spent in this place.
 E = Time spent auto-exploring this place.
 F = Levels seen in this place.
 G = Mean time per level.
                   A        B        C        D        E       F      G
               +--------+--------+--------+--------+--------+-----+--------+
         Total |   5438 |   5259 |    179 |    881 |   3130 |   6 |  906.3 |
       Dungeon |   5021 |   4842 |    179 |    881 |   2885 |   5 | 1004.2 |
       Ossuary |    417 |    417 |      0 |      0 |    245 |   1 |  417.0 |
               +--------+--------+--------+--------+--------+-----+--------+

Top non-repeatable levels by time:
     D:3: 2346 daAuts
     D:4: 1098 daAuts
     D:1: 779 daAuts
     D:2: 730 daAuts
 Ossuary: 417 daAuts
     D:5: 65 daAuts
